 Dungeon Crawl Stone Soup version 0.29-a0-194-g6e3aafee17 (webtiles) character file.

Game seed: 16382419640085751296

477 dolemite99 the Quickloader (level 7, -2/40 HPs)
             Began as a Kobold Hunter on Feb 23, 2022.
             Slain by an orc warrior
             ... wielding a +2 short sword of venom
              (18 damage)
             ... on level 5 of the Dungeon.
             The game lasted 00:05:14 (4594 turns).

dolemite99 the Quickloader (Kobold Hunter)          Turns: 4594, Time: 00:05:15

Health: -2/40      AC:  5    Str: 18    XL:     7   Next: 33%
Magic:  7/7        EV: 15    Int: 12    God:
Gold:   86         SH:  0    Dex: 21    Spells: 6/6 levels left

rFire   . . .      SeeInvis .   a - +1 hand crossbow
rCold   . . .      Faith    .   (no shield)
rNeg    . . .      Spirit   .   g - +0 ring mail
rPois   .          Reflect  .   (no helmet)
rElec   .          Harm     .   (no cloak)
rCorr   .          Rampage  .   (no gloves)
Will    .....                   (no boots)
Stlth   +++.......              (no amulet)
HPRegen 0.13/turn               n - +6 ring of strength
MPRegen 0.10/turn               t - +6 ring of dexterity

@: lethally poisoned (-2 -> -10)
A: small, no large weapons, nightstalker 3
a: no special abilities


You were on level 5 of the Dungeon.
You visited 1 branch of the dungeon, and saw 5 of its levels.

You collected 152 gold pieces.
You spent 66 gold pieces at shops.

Inventory:

Hand Weapons
 a - a +1 hand crossbow (weapon)
 b - a +2 dagger of draining
 i - a +0 trident
 o - a +0 morningstar
 v - the +9 mace "Qackaegh" {vorpal, *Corrode Int+2 Dex+4}
   (You found it on level 5 of the Dungeon)

   It inflicts extra damage upon your enemies.
   Int:       It affects your intelligence (+2).
   Dex:       It affects your dexterity (+4).
   *Corrode:  It may corrode you when you take damage.
Missiles
 c - 104 stones (quivered)
 r - 3 poisoned darts
 s - 3 boomerangs
Armour
 g - a +0 ring mail (worn)
 m - an orb of guile
 q - a +0 leather armour
Jewellery
 l - a ring of magical power
 n - a +6 ring of strength (left hand)
 t - a +6 ring of dexterity (right hand)
Wands
 d - a wand of flame (6)
Scrolls
 e - a scroll of torment
 f - a scroll of teleportation
 h - a scroll of vulnerability
 p - a scroll of fog {unknown}
 u - a scroll of amnesia {unknown}
Potions
 k - 5 potions of curing


   Skills:
 + Level 2.8 Fighting
 - Level 10.4 Crossbows
 + Level 3.1 Dodging
 - Level 1.3 Stealth


You had 6 spell levels left.
You didn't know any spells.
Your spell library contained the following spells:

 Spells                   Type           Power      Damage    Failure   Level
 Frozen Ramparts          Ice            0%         1d2       87%         3
 Ice Form                 Ice/Tmut       0%         N/A       99%         4
 Summon Ice Beast         Ice/Summ       0%         N/A       99%         4


Dungeon Overview and Level Annotations

Branches:
Dungeon (5/15)
 Temple: D:4-7

Altars:

Shops:
D:2 !   D:4 =

Annotations:
D:4 3 runed translucent doors


Innate Abilities, Weirdness & Mutations

You are small and have problems with some larger weapons.
You are completely attuned to the shadows.


Message History

You are poisoned.
Shoot: a) +1 hand crossbow
Press: ? - help, Shift-Dir - straight line, f/p - orc warrior
Aim: an orc warrior, wielding a +2 short sword of venom and wearing a +0 chain mail (lightly wounded)
You shoot a bolt.
The bolt closely misses the orc warrior.
The bolt hits the orc.
The orc is lightly wounded.
You feel very sick.
The orc warrior hits you with a +2 short sword of venom!
You are lethally poisoned!
Shoot: a) +1 hand crossbow
Press: ? - help, Shift-Dir - straight line, f/p - orc warrior
Aim: an orc warrior, wielding a +2 short sword of venom and wearing a +0 chain mail (lightly wounded)
You shoot a bolt.
The bolt closely misses the orc warrior.
* * * LOW HITPOINT WARNING * * *
You feel very sick. The orc warrior completely misses you.
Shoot: a) +1 hand crossbow
Press: ? - help, Shift-Dir - straight line, f/p - orc warrior
Aim: an orc warrior, wielding a +2 short sword of venom and wearing a +0 chain mail (lightly wounded)
You shoot a bolt.
The bolt closely misses the orc warrior.
* * * LOW HITPOINT WARNING * * *
You feel very sick. The orc warrior barely misses you.
Shoot: a) +1 hand crossbow
Press: ? - help, Shift-Dir - straight line, f/p - orc warrior
Aim: an orc warrior, wielding a +2 short sword of venom and wearing a +0 chain mail (lightly wounded)
You shoot a bolt.
The bolt hits the orc warrior but does no damage.
The orc warrior is lightly wounded.
* * * LOW HITPOINT WARNING * * *
You feel very sick. The orc warrior closely misses you.
You feel much better.
You feel very sick.
The orc warrior hits you with a +2 short sword of venom!!
You die...

#. #. . ###)###.# #..
....o...# #.# #.# #.#
##.######.#############
#..o.o@................
#..######.#############
#..# #.#############
....# #..............
....# ###############
###### #†....


You could see an orc warrior and an orc.

Vanquished Creatures
  A phantom (D:4)
  Blork the orc (D:4)
  A scorpion (D:5)
  A centaur zombie (D:4)
  A centaur skeleton (D:4)
  3 hound skeletons
  2 howler monkey zombies (D:3)
  8 adders
  A howler monkey skeleton (D:3)
  2 adder skeletons
  An adder zombie (D:3)
  A worm (D:3)
  3 dart slugs
  An orc (D:5)
  5 ball pythons
  6 bats
  2 endoplasms
  2 giant cockroaches
  10 hobgoblins
  5 quokkas
  A ball python zombie (D:3)
  3 frilled lizards
  3 goblins
  A jackal skeleton (D:3)
  A jackal zombie (D:3)
  6 kobolds
  3 rats
75 creatures vanquished.

Vanquished Creatures (others)
  4 withered plants (D:3)
4 creatures vanquished.

Grand Total: 79 creatures vanquished

Notes
Turn   | Place    | Note
-------+----------+-------------------------------------------
     0 | D:1      | dolemite99 the Kobold Hunter began the quest for the Orb.
     0 | D:1      | Reached XP level 1. HP: 12/12 MP: 1/1
   134 | D:1      | Reached XP level 2. HP: 17/17 MP: 2/2
   145 | D:1      | Reached skill level 6 in Crossbows
   547 | D:1      | Reached XP level 3. HP: 21/21 MP: 3/3
  1077 | D:2      | Reached skill level 7 in Crossbows
  1077 | D:2      | Reached XP level 4. HP: 20/26 MP: 4/4
  1434 | D:2      | Found Coateuss's Distillery.
  1438 | D:2      | Bought a potion of curing for 33 gold pieces
  1438 | D:2      | Bought a potion of curing for 33 gold pieces
  1679 | D:3      | Reached XP level 5. HP: 30/30 MP: 5/5
  1721 | D:3      | Reached skill level 8 in Crossbows
  2219 | D:3      | Noticed an ogre
  2808 | D:4      | Reached XP level 6. HP: 35/35 MP: 6/6
  2901 | D:4      | Noticed an ice beast
  2930 | D:4      | Found a runed translucent gate.
  2931 | D:4      | Found a runed translucent gate.
  2932 | D:4      | Found a runed translucent gate.
  3103 | D:4      | Reached skill level 9 in Crossbows
  3293 | D:4      | Found Neumarph's Jewellery Shop.
  3967 | D:4      | Noticed Blork the orc
  3976 | D:4      | Killed Blork the orc
  3977 | D:4      | Reached skill level 10 in Crossbows
  3977 | D:4      | Reached XP level 7. HP: 40/40 MP: 7/7
  4260 | D:5      | Entered Level 5 of the Dungeon
  4395 | D:5      | Identified the +9 mace "Qackaegh" {vorpal, *Corrode Int+2
                  | Dex+4}
  4594 | D:5      | Slain by an orc warrior

Illustrated notes

Levels and vault maps discovered:
D:1:      minmay_arrival_jagged, layout_basic, minmay_box_of_dots
D:2:      layout_loops_cross, serial_shops, nicolae_shop_trees,
          nicolae_elevator_lobby_asterisk
D:3:      layout_loops_cross, serial_undead, serial_undead_c, serial_undead_b,
          serial_undead_e, serial_undead_a, serial_undead_e, serial_undead_a,
          serial_undead_d, serial_undead_d, serial_undead_b, serial_undead_e,
          dreamdust_ecumenical_altar_sealed_demon
D:4:      layout_basic, serial_shops, shop, gammafunk_ghost_icy,
          uniq_blork_the_orc
D:5:      layout_loops_ring, serial_shops, shop, ebering_ghost_reflecting_pool,
          serial_bayou_lagoon_a

Skill      XL: |  1  2  3  4  5  6  7 |
---------------+----------------------+-----
Crossbows      | 6 7 8 10 | 10.4
Dodging        | 3 |  3.1
Fighting       | |  2.8
Stealth        | |  1.3

Action                   |  1- 3 |  4- 6 |  7- 9 || total
-------------------------+-------+-------+-------++-------
 Fire: Hand crossbow     |    53 |   126 |    28 ||   207
  Use: Scroll            |       |     5 |       ||     5
       Potion            |       |       |     1 ||     1
Armor: Leather armour    |     5 |       |       ||     5
       Ring mail         |     6 |    23 |     4 ||    33
Dodge: Dodged            |    21 |    38 |     9 ||    68

Table legend: (Time is in decaauts)
 A = Elapsed time spent in this place.
 B = Non-inter-level travel time spent in this place.
 C = Inter-level travel time spent in this place.
 D = Time resting spent in this place.
 E = Time spent auto-exploring this place.
 F = Levels seen in this place.
 G = Mean time per level.
                   A        B        C        D        E       F      G
               +--------+--------+--------+--------+--------+-----+--------+
         Total |   4634 |   4519 |    115 |    859 |   3028 |   5 |  926.8 |
       Dungeon |   4634 |   4519 |    115 |    859 |   3028 |   5 |  926.8 |
               +--------+--------+--------+--------+--------+-----+--------+

Top non-repeatable levels by time:
     D:4: 1692 daAuts
     D:2: 968 daAuts
     D:3: 825 daAuts
     D:1: 812 daAuts
     D:5: 336 daAuts
